[Event "*** Titled Tuesday Blitz"]
[Site "Chess.com"]
[Date "2018.08.07"]
[Round "6"]
[White "GM_dmitrij"]
[Black "Micki-taryan"]
[Result "0-1"]
[WhiteElo "2700"]
[BlackElo "2907"]
[TimeControl "180+2"]
[EndTime "14:15:09 PDT"]
[Termination "Micki-taryan won by resignation"]

1. e4 Nc6 2. Nf3 e5 3. Bb5 a6 4. Ba4 d6 5. c3 Bd7 6. d4 Nf6 7.
O-O Be7 8. Re1 O-O 9. h3 Re8 10. d5 Nb8 11. c4 Bxa4 12. Qxa4 Nbd7 13. Nc3 Bf8 14. Be3 a5 15. Qc2 Nh5 16. a3 Nf4 17. b4 Qf6 18. Kh2 h6 19. Ng1 g5 20.
Nb5 Rec8 21. Rec1 c6 22. Nc3 cxd5 23. Bxf4 exf4 24. Nxd5 Qe6 25. Nf3 Bg7 26. Rab1 axb4 27. axb4 Ra3 28. Qe2 Kh8 29. Rc2 Rg8 30. c5 g4 31. Ng1 f3 32. Qd2 fxg2 33. Kxg2 gxh3+ 34. Kh1 Qxe4+ 35. f3 Rxf3 0-1

[Event "*** Titled Tuesday Blitz"]
[Site "Chess.com"]
[Date "2018.08.07"]
[Round "6"]
[White "Zaven_ChessMood"]
[Black "maciek_92"]
[Result "1-0"]
[WhiteElo "2885"]
[BlackElo "2717"]
[TimeControl "180+2"]
[EndTime "14:15:13 PDT"]
[Termination "Zaven_ChessMood won by resignation"]

1. e4 c5 2. Nf3 Nc6 3. Bb5 g6 4.
Bxc6 bxc6 5. O-O Bg7 6. Re1 e5 7. c3 Ne7 8. d4 cxd4 9. cxd4 exd4 10. Nxd4 O-O 11. Nc3 d5 12. exd5 cxd5 13. Bg5 f6 14. Bf4 g5 15. Bg3 a6 16. h3 Ra7 17. Rxe7 Qxe7 18.
Nc6 Qf7 19. Nxa7 Qxa7 20. Qxd5+ Kh8 21. Re1 h6 22. Qd6 Bf5 23. Re7 Qa8 24. Qc5 Bg6 25. Nd5 Rf7 26. Nc7 Qb7 27. Rxf7 Bxf7 28. b3 Qe4 29. Kh2 f5 30. f3 Qd4 31. Qxf5 Kg8 32.
Ne6 Bxe6 33. Qxe6+ Kh7 34. Qxa6 h5 35. Qc4 1-0

[Event "*** Titled Tuesday Blitz"]
[Site "Chess.com"]
[Date "2018.08.07"]
[Round "6"]
[White "GMG"]
[Black "Abrito99"]
[Result "1-0"]
[WhiteElo "2739"]
[BlackElo "2502"]
[TimeControl "180+2"]
[EndTime "14:15:16 PDT"]
[Termination "GMG won by resignation"]

1. d4 Nf6 2. Bf4 g6 3. Nc3 Bg7 4. e4 c6 5. e5 Nd5 6. Nxd5 cxd5 7.
Qd2 h6 8. O-O-O Nc6 9. Nf3 g5 10. Bg3 g4 11. Nh4 d6 12. f4 gxf3 13. Nxf3 dxe5 14.
Nxe5 Bf5 15. Qf2 e6 16. Bd3 Bxe5 17. dxe5 Qg5+ 18. Kb1 Bxd3 19. Rxd3 Nxe5 20. Rf1 Rf8 21. Re3 Ng4 22. Rxe6+ Kd7 23. Rd6+ Ke7 24. Re1+ 1-0

[Event "*** Titled Tuesday Blitz"]
[Site "Chess.com"]
[Date "2018.08.07"]
[Round "6"]
[White "OparinGrigoriy"]
[Black "krzyzan94"]
[Result "1-0"]
[WhiteElo "2883"]
[BlackElo "2652"]
[TimeControl "180+2"]
[EndTime "14:15:18 PDT"]
[Termination "OparinGrigoriy won by resignation"]

1. e4 e5 2. Nf3 Nc6 3. Bc4 Nf6 4. d3 h6 5. Nc3 d6 6. h3 g6 7. Be3 Bg7 8. Qd2 Na5 9. Bb5+ c6 10. Ba4 b5 11. Bb3 Nxb3 12. axb3 a6 13. Ne2 Bb7 14. O-O Qe7 15. c4 h5 16. c5 d5 17. exd5 Nxd5 18. Nc3 Nxc3 19. bxc3 O-O 20. d4 e4 21. Ne1 Rad8 22. Nc2 Bf6 23. Nb4 g5 24. Rfe1 Rfe8 25. Nxa6 g4 26. hxg4 hxg4 27. Nb4 Kg7 28. Ra7 Rc8 29.
d5 Rh8 30. Bd4 cxd5 31. Qg5+ 1-0

[Event "*** Titled Tuesday Blitz"]
[Site "Chess.com"]
[Date "2018.08.07"]
[Round "6"]
[White "djamir"]
[Black "orrbaverlekszarnyon"]
[Result "1-0"]
[WhiteElo "2645"]
[BlackElo "2287"]
[TimeControl "180+2"]
[EndTime "14:15:21 PDT"]
[Termination "djamir won by resignation"]

1. e4 c5 2. Nc3 g6 3. g3 Bg7 4.
Bg2 Nc6 5. d3 d6 6. f4 Nf6 7.
Nf3 O-O 8. O-O Ne8 9. Be3 Nc7 10.
d4 cxd4 11. Nxd4 Ne6 12. Nb3 Na5 13. f5 Nxb3 14. axb3 Nc5 15. b4 Na6 16. Nd5 Bxb2 17. Bg5 f6 18. Bh6 Bxa1 19. Bxf8 Kxf8 20. Qxa1 g5 21. h4 h6 22. Qd1 Qe8 23. b5 Nc5 24. Nc7 Qd8 25. Nxa8 Bd7 26. Qh5 Qxa8 27. Qxh6+ Kf7 28.
Qh7+ 1-0

[Event "*** Titled Tuesday Blitz"]
[Site "Chess.com"]
[Date "2018.08.07"]
[Round "6"]
[White "Manukyan_Artak"]
[Black "Stormeman100100"]
[Result "1-0"]
[WhiteElo "2338"]
[BlackElo "2130"]
[TimeControl "180+2"]
[EndTime "14:15:33 PDT"]
[Termination "Manukyan_Artak won by resignation"]

1. e4 c5 2. Nf3 e6 3. c3 Nf6 4. e5 Nd5 5. d4 cxd4 6. cxd4 d6 7. Nc3 Nxc3 8. bxc3 Qc7 9. Bd2 Nd7 10. Bb5 a6 11.
Bxd7+ Bxd7 12. O-O Be7 13. Bf4 d5 14. Qd2 O-O 15. Bg5 Bxg5 16. Nxg5 h6 17. Nh3 Rac8 18. Rac1 Qa5 19. Rfe1 Rc7 20. Re3 Rfc8 21. Rg3 Kf8 22. Nf4 b5 23. Nh5 g5 24. h4 b4 25. hxg5 Rxc3 26.
Rcxc3 bxc3 27. Qc1 c2 28. gxh6 Qxa2 29. h7 Qb1 30.
h8=Q+ Ke7 31. Qf6+ Kf8 32. Qh6+ Ke7 33. Qg5+ Kf8 34.
Kh2 Qxc1 1-0

[Event "*** Titled Tuesday Blitz"]
[Site "Chess.com"]
[Date "2018.08.07"]
[Round "6"]
[White "fidetrainerNET"]
[Black "BillForster"]
[Result "1-0"]
[WhiteElo "1918"]
[BlackElo "1629"]
[TimeControl "180+2"]
[EndTime "14:15:34 PDT"]
[Termination "fidetrainerNET won by resignation"]

1. e4 c5 2. Nf3 a6 3. d4 cxd4 4. c3 dxc3 5. Nxc3 e6 6. Bc4 d6 7. Qe2 Nf6 8. O-O Be7 9. Bf4 O-O 10. Rad1 Qc7 11. Rfe1 Rd8 12. e5 Ne8 13. Rc1 d5 14. Bb3 Nc6 15. Bc2 Bd7 16. Ng5 g6 17. Qg4 Bf8 18. Qh4 h5 19. g4 Ng7 20. gxh5 Nxh5 21. Nxf7 Kxf7 22. Bxg6+ Kxg6 23. Qg4+ Kh7 24. Qxh5+ Kg8 25.
Re3 Be8 26. Rg3+ Bg7 27. Qg4 Qf7 28. Bh6 Rd7 29. Nxd5 exd5 30. e6 Qg6 31. exd7 Bxh6 32. dxe8=Q+ 1-0

[Event "*** Titled Tuesday Blitz"]
[Site "Chess.com"]
[Date "2018.08.07"]
[Round "6"]
[White "Perecke"]
[Black "Karina_Oparina"]
[Result "1-0"]
[WhiteElo "1920"]
[BlackElo "2133"]
[TimeControl "180+2"]
[EndTime "14:15:38 PDT"]
[Termination "Perecke won by resignation"]

1. e4 c6 2. Nc3 d5 3. Nf3 Bg4 4.
h3 Bxf3 5. Qxf3 e6 6. exd5 exd5 7. d4 Bd6 8. Bd3 Nf6 9. O-O O-O 10.
Bg5 Nbd7 11. a3 Re8 12. Rfe1 Qc7 13. b4 b5 14. g4 Rxe1+ 15. Rxe1 Re8 16. Rxe8+ Nxe8 17.
Qf5 g6 18. Qf3 f6 19. Bh4 g5 20. Bg3 Ng7 21. Nxd5 Qb8 22. Ne7+ Kf7 23. Nxc6 Qc7 24. Qd5+ 1-0

[Event "*** Titled Tuesday Blitz"]
[Site "Chess.com"]
[Date "2018.08.07"]
[Round "6"]
[White "ElHelvetico"]
[Black "nailbeshirli"]
[Result "1-0"]
[WhiteElo "2672"]
[BlackElo "2516"]
[TimeControl "180+2"]
[EndTime "14:15:49 PDT"]
[Termination "ElHelvetico won by resignation"]

1. e4 c5 2. Nf3 Nf6 3. e5 Nd5 4.
Nc3 e6 5. Nxd5 exd5 6. d4 Nc6 7.
dxc5 Bxc5 8. Qxd5 Qb6 9. Bc4 O-O 10. O-O d6 11. exd6 Be6 12. Qe4 Bxc4 13. Qxc4 Bxd6 14. Qb3 Qc7 15. h3 a5 16. Be3 a4 17. Qc4 Rfc8 18.
a3 Qa5 19. Qg4 Ne5 20. Qf5 Nxf3+ 21. Qxf3 Rxc2 22. Qxb7 Rb8 23. Qd7 Qe5 24. g3 Rbxb2 25. Bf4 Rxf2 26. Rxf2 Qc5 27. Rf1 Bf8 28. Be3 1-0

[Event "*** Titled Tuesday Blitz"]
[Site "Chess.com"]
[Date "2018.08.07"]
[Round "6"]
[White "TBergh98"]
[Black "Hrant_ChessMood"]
[Result "0-1"]
[WhiteElo "2051"]
[BlackElo "2979"]
[TimeControl "180+2"]
[EndTime "14:15:50 PDT"]
[Termination "Hrant_ChessMood won by resignation"]

1. d4 Nf6 2. Bg5 d5 3. Bxf6 exf6 4. g3 c6 5. Bg2 Bd6 6. e3 h5 7. Ne2 h4 8. O-O Bg4 9. Nd2 hxg3 10. hxg3 Qd7 11.
f3 Bh3 12. Rf2 Na6 13. c3 Nc7 14. Nf1 O-O-O 15. Nf4 Bxg2 16. Rxg2 g5 17. Nd3 Rh3 18. Kf2 Rdh8 19. b4 Rh1 20. Qb3 Qf5 21. Ne1 Qh3 22.
b5 cxb5 23. a4 b4 24. cxb4 f5 25. Rc1 Kb8 26. f4 gxf4 27. exf4 Bxf4 28. Qf3 Bxc1 0-1

[Event "*** Titled Tuesday Blitz"]
[Site "Chess.com"]
[Date "2018.08.07"]
[Round "6"]
[White "Indianlad"]
[Black "LastHeroJr"]
[Result "1-0"]
[WhiteElo "2738"]
[BlackElo "2509"]
[TimeControl "180+2"]
[EndTime "14:15:55 PDT"]
[Termination "Indianlad won by resignation"]

1. Nf3 Nf6 2. c4 e6 3. b3 d5 4. Bb2 Be7 5. e3 O-O 6. Nc3 c5 7. cxd5 Nxd5 8. a3 Bf6 9. Qc2 Nc6 10. h4 Nxc3 11. dxc3 h5 12. Ng5 g6 13. Ne4 Be7 14.
Bd3 e5 15. O-O-O Qa5 16. Ng5 c4 17. Bxc4 Bf5 18. e4 Bc8 19. b4 Qc7 20. Bd5 a5 21. Kb1 Qb6 22. Qb3 Nd8 23. Rhf1 Ne6 24. Nxe6 Bxe6 25.
Bxe6 fxe6 26. f3 Bxh4 27. Rd7 Rad8 28. Rfd1 Rxd7 29. Rxd7 Bf6 30. c4 axb4 31. axb4 Bg5 32. c5 Qb5 33. Qxe6+ 1-0

[Event "*** Titled Tuesday Blitz"]
[Site "Chess.com"]
[Date "2018.08.07"]
[Round "6"]
[White "NikolaGry"]
[Black "djano"]
[Result "1-0"]
[WhiteElo "2518"]
[BlackElo "2369"]
[TimeControl "180+2"]
[EndTime "14:16:15 PDT"]
[Termination "NikolaGry won by resignation"]

1. e4 c5 2. Nf3 d6 3. Bb5+ Nd7 4. O-O a6 5. Bxd7+ Bxd7 6. Re1 Nf6 7. c3 c4 8. b3 b5 9. bxc4 bxc4 10. Na3 Rc8 11.
e5 Nd5 12. exd6 e6 13. Ne5 Bxd6 14. Naxc4 Bb8 15. Ba3 Bb5 16. Qg4 Qf6 17. Nd6+ Bxd6 18. Bxd6 h5 19. Qd4 Ne7 20. Qa7 Rd8 21. Bb4 Rxd2 22. c4 Nc8 23. Qe3 Rb2 24. Bc3 Rd2 25.
Qxd2 1-0

[Event "*** Titled Tuesday Blitz"]
[Site "Chess.com"]
[Date "2018.08.07"]
[Round "6"]
[White "Kubas1010"]
[Black "Drags95"]
[Result "0-1"]
[WhiteElo "2474"]
[BlackElo "2621"]
[TimeControl "180+2"]
[EndTime "14:16:19 PDT"]
[Termination "Drags95 won by resignation"]

1. d4 Nf6 2. c4 e6 3. Nf3 d5 4. g3 dxc4 5. Bg2 Nc6 6. Qa4 Bb4+ 7. Bd2 Bd6 8. Na3 O-O 9. Nxc4 Bd7 10. Qb3 b5 11.
Nxd6 cxd6 12. O-O Ne4 13. Bf4 a5 14. Qxb5 Nxd4 15. Qd3 Nxf3+ 16. exf3 Nf6 17. Bxd6 Re8 18. f4 Nd5 19. Rac1 Qb6 20. Be5 Bb5 21. Qd4 Qxd4 22. Bxd4 Bxf1 23. Kxf1 Rac8 24. Rd1 Red8 25. a3 Nxf4 26.
gxf4 Rc4 27. Bc3 Rxd1+ 28. Ke2 Ra1 29. Kd3 Rxf4 30. Bxa5 Rxf2 31. Bc6 Rxb2 32. Bc3 Rxa3 0-1

[Event "*** Titled Tuesday Blitz"]
[Site "Chess.com"]
[Date "2018.08.07"]
[Round "6"]
[White "Divertissement"]
[Black "PaulfromSPb"]
[Result "0-1"]
[WhiteElo "2561"]
[BlackElo "2582"]
[TimeControl "180+2"]
[EndTime "14:16:35 PDT"]
[Termination "PaulfromSPb won by resignation"]

1. e4 c5 2. Nf3 d6 3. d4 cxd4 4.
Nxd4 Nf6 5. Nc3 a6 6. Be3 e5 7. Nf3 h6 8. Bc4 Be7 9. O-O O-O 10. Bb3 Nc6 11. h3 Be6 12. Qd3 Na5 13. Bd5 Qc7 14.
Rfd1 Rac8 15. a4 Rfe8 16. Rd2 Nc4 17. Qxc4 Qxc4 18. Bxc4 Rxc4 19. Rd3 Nxe4 20. Nxe4 Rxe4 21. Nd2 Rb4 22. b3 Bf5 23. Rc3 d5 24. Rc7 d4 25. c3 dxe3 26. cxb4 exd2 27. b5 axb5 28. axb5 Bb4 29. Rc4 Rd8 30. Rd1 Ba3 31. g4 Be6 32. Rc7 Bxb3 0-1

[Event "*** Titled Tuesday Blitz"]
[Site "Chess.com"]
[Date "2018.08.07"]
[Round "6"]
[White "epccmelech"]
[Black "sandager"]
[Result "0-1"]
[WhiteElo "1784"]
[BlackElo "2041"]
[TimeControl "180+2"]
[EndTime "14:16:38 PDT"]
[Termination "sandager won on time"]

1. d4 Nf6 2. c4 g6 3. Nc3 d5 4. cxd5 Nxd5 5. e4 Nxc3 6. bxc3 Bg7 7. Bc4 c5 8. Ne2 O-O 9. O-O Nc6 10. Be3 Qc7 11. Qc2 Rd8 12. Rad1 Na5 13. Bb3 Nxb3 14.
Qxb3 b6 15. Ng3 Ba6 16. Rfe1 cxd4 17. cxd4 Rac8 18. e5 Bc4 19. Qb2 Rd5 20. Ne4 Rcd8 21. Rc1 b5 22. a4 a6 23. axb5 Rxb5 24. Qa3 Rc8 25. Nc5 Rxc5 26. dxc5 Bb5 27. Rc2 Bxe5 28. h3 e6 29. Rec1 Bc6 30. Qb4 a5 31. Qc4 Bd5 32.
Qh4 Qc6 0-1

[Event "*** Titled Tuesday Blitz"]
[Site "Chess.com"]
[Date "2018.08.07"]
[Round "6"]
[White "ozates"]
[Black "SantoBlue"]
[Result "1-0"]
[WhiteElo "2493"]
[BlackElo "2647"]
[TimeControl "180+2"]
[EndTime "14:16:46 PDT"]
[Termination "ozates won by resignation"]

1. e4 c5 2. Nf3 d6 3. Bb5+ Nd7 4. O-O a6 5. Bd3 Ngf6 6. c3 b5 7. Bc2 Bb7 8. Re1 e6 9. d3 Be7 10. Nbd2 O-O 11. a4 Ne5 12. axb5 axb5 13. Rxa8 Qxa8 14.
Nxe5 dxe5 15. Nf3 Nd7 16. Qe2 Rd8 17. Be3 Bd6 18. Bg5 f6 19. Be3 Qa2 20. Rb1 Ra8 21. Qd1 Qa5 22. Bb3 Qc7 23. Bxe6+ Kh8 24. Nh4 Nf8 25.
Bd5 Bxd5 26. exd5 g6 27. c4 Nd7 28. Nf3 Nb6 29. b3 Qd7 30. Ra1 Qe8 31. Rxa8 Qxa8 32.
b4 Na4 33. bxc5 Bxc5 34. d4 exd4 35. Bxd4 Bxd4 36. Qxd4 Qd8 37. c5 Kg7 38. d6 Qd7 39. Qd5 Nc3 40. Qd3 b4 41. Nd4 Qa7 42. h3 Nd5 43. Ne6+ 1-0

[Event "*** Titled Tuesday Blitz"]
[Site "Chess.com"]
[Date "2018.08.07"]
[Round "6"]
[White "Mimsychess"]
[Black "GameOverBro"]
[Result "1-0"]
[WhiteElo "2279"]
[BlackElo "2363"]
[TimeControl "180+2"]
[EndTime "14:16:53 PDT"]
[Termination "Mimsychess won by resignation"]

1. d4 d6 2. Nf3 Nf6 3. Nc3 Bf5 4.
Bg5 Nbd7 5. Nd2 h6 6. Bh4 g5 7. Bg3 Nh5 8. e4 Nxg3 9. hxg3 Bg6 10. f4 e6 11. Qf3 Qf6 12. e5 Qf5 13. Bd3 g4 14.
Qxb7 Rb8 15. Qxc7 Qxd3 16. cxd3 Bxd3 17. Nde4 d5 18. Nf6+ Nxf6 19. exf6 Rd8 20. O-O-O Bf5 21. Qc6+ Rd7 22. Nxd5 Bd6 23. Rde1 Bb8 24. Ne3 Kd8 25. Kd2 Rxd4+ 26. Ke2 Be4 27. Qc5 Rd5 28. Nxd5 exd5 29. Qe7+ Kc8 30. Rc1+ 1-0

[Event "*** Titled Tuesday Blitz"]
[Site "Chess.com"]
[Date "2018.08.07"]
[Round "6"]
[White "Er_is_geen_hoop_meer"]
[Black "AquivaRubinstein"]
[Result "0-1"]
[WhiteElo "2440"]
[BlackElo "2404"]
[TimeControl "180+2"]
[EndTime "14:16:55 PDT"]
[Termination "AquivaRubinstein won by checkmate"]

1. b4 e6 2. Bb2 Nf6 3. a3 d5 4. e3 c5 5. b5 a6 6. g4 axb5 7. Bxb5+ Nc6 8. g5 Ne4 9. h4 h6 10. g6 f5 11. Nf3 Nd6 12. Bxc6+ bxc6 13. Ne5 Qb6 14. Ra2 Be7 15. Nf7 Nxf7 16. gxf7+ Kxf7 17. Qh5+ g6 18. Qf3 Bf6 19. Nc3 Ba6 20. h5 g5 21. d3 Qa5 22. Kd2 Rab8 23. d4 Bc4 24.
Rha1 Bxa2 25. Rxa2 cxd4 26. exd4 Bxd4 27. Qd3 c5 28.
Ba1 Rb1 29. f4 g4 30. Ke2 Rxa1 31. Rxa1 Qxc3 32. Qa6 Qxc2+ 33. Ke1 Qe4+ 34. Kd1 Qf3+ 35. Kc2 Qc3+ 36. Kd1 Qxa1+ 37. Ke2 Qb2+ 38. Kd1 Rb8 39. Qd6 Qa1+ 40. Kd2 Rb2+ 41. Kd3 Qd1# 0-1

[Event "*** Titled Tuesday Blitz"]
[Site "Chess.com"]
[Date "2018.08.07"]
[Round "6"]
[White "Passacaglia23"]
[Black "luca_va99"]
[Result "0-1"]
[WhiteElo "2263"]
[BlackElo "2400"]
[TimeControl "180+2"]
[EndTime "14:16:58 PDT"]
[Termination "luca_va99 won on time"]

1. d4 d5 2. c4 dxc4 3. Nf3 Nf6 4.
e3 a6 5. Bxc4 b5 6. Bb3 e6 7.
O-O Bb7 8. Nc3 Nbd7 9. e4 Nxe4 10. d5 Nxc3 11. dxe6 fxe6 12. bxc3 Nc5 13. Qe2 Bd6 14. Ng5 Qf6 15. Nxe6 Ne4 16. Bg5 Qe5 17. Bf4 Qf6 18.
Bxd6 cxd6 19. Nc7+ Kd7 20. Nxa8 Rxa8 21. Qg4+ Kc7 22.
Rac1 Rf8 23. c4 b4 24. c5 dxc5 0-1

[Event "*** Titled Tuesday Blitz"]
[Site "Chess.com"]
[Date "2018.08.07"]
[Round "6"]
[White "Mr_Penings"]
[Black "OK97"]
[Result "1-0"]
[WhiteElo "2512"]
[BlackElo "2719"]
[TimeControl "180+2"]
[EndTime "14:17:01 PDT"]
[Termination "Mr_Penings won by resignation"]

1. c4 e5 2. g3 Nf6 3. Bg2 d5 4. cxd5 Nxd5 5. Nc3 Nb6 6. e3 Be7 7. Nge2 h5 8. h3 Nc6 9. O-O Bf5 10. f4 Qd7 11. Kh2 exf4 12. Nxf4 Bd6 13. d4 O-O-O 14. a4 g5 15. Nxh5 g4 16. Nf4 gxh3 17. Bf3 Rdg8 18. a5 Nc4 19. a6 Bg4 20. axb7+ Kb8 21.
Qa4 Bxf3 22. Rxf3 Nb6 23. Qa6 Qg4 24. Qe2 Bxf4 25. exf4 Nxd4 26. Qa6 Nxf3+ 27. Kh1 c5 28. Qxa7+ Kc7 29. b8=Q+ Kc6 30. Qaxb6+ 1-0

[Event "*** Titled Tuesday Blitz"]
[Site "Chess.com"]
[Date "2018.08.07"]
[Round "6"]
[White "CookiesAndIceCream"]
[Black "Morshynska"]
[Result "1-0"]
[WhiteElo "2257"]
[BlackElo "2128"]
[TimeControl "180+2"]
[EndTime "14:17:02 PDT"]
[Termination "CookiesAndIceCream won on time"]

1. e4 e5 2. Nf3 Nc6 3. Nc3 Nf6 4.
Bb5 Bb4 5. O-O O-O 6. d3 Bxc3 7.
bxc3 d6 8. Bg5 Qe7 9. Re1 Nd8 10.
d4 Ne6 11. Bc1 c6 12. Bf1 Qc7 13. c4 Re8 14. Bb2 Nf4 15. c5 dxc5 16. dxe5 Nd7 17. Qd6 Ne6 18. Rad1 Nb6 19. h4 h6 20. g3 Na4 21. Ba1 Qa5 22. Qd2 Qc7 23. Qd6 Qa5 24.
Nd2 Qc7 25. Nc4 1-0

[Event "*** Titled Tuesday Blitz"]
[Site "Chess.com"]
[Date "2018.08.07"]
[Round "6"]
[White "NemtsevIgor"]
[Black "ShadyH9"]
[Result "1-0"]
[WhiteElo "2376"]
[BlackElo "2245"]
[TimeControl "180+2"]
[EndTime "14:17:04 PDT"]
[Termination "NemtsevIgor won by resignation"]

1. c3 g6 2. d3 Bg7 3. Nd2 c5 4.
h3 Nc6 5. g4 d5 6. Bg2 e5 7. Nf1 Nge7 8. Ng3 Be6 9. Nf3 h6 10. Qa4 Qd7 11. Be3 d4 12. Bd2 Nd5 13. Ne4 b6 14. c4 Nf4 15. Bxf4 exf4 16. Nfd2 Rc8 17. Nf3 O-O 18. g5 h5 19. a3 Bf5 20. Nh4 Rfe8 21. O-O-O Be6 22. Nf6+ Bxf6 23. gxf6 Ne5 24. Qxd7 Nxd7 25. Be4 Nxf6 26. f3 Nxe4 27. dxe4 Kh7 28. b3 b5 29. cxb5 Bxb3 30. Rd2 Ba4 31. Ng2 Bxb5 32. Nxf4 Bc6 33. Rc2 Ba8 34. Rc4 Red8 35. Kd2 Rc7 36. Rhc1 Rdc8 37. Nd3 Bb7 38. Nxc5 Bc6 39. Nd3 Kg7 40. Nb4 1-0

[Event "*** Titled Tuesday Blitz"]
[Site "Chess.com"]
[Date "2018.08.07"]
[Round "6"]
[White "JozefKneht"]
[Black "wonderfultime"]
[Result "0-1"]
[WhiteElo "2349"]
[BlackElo "2852"]
[TimeControl "180+2"]
[EndTime "14:17:06 PDT"]
[Termination "wonderfultime won by resignation"]

1. d4 e6 2. Bf4 Nf6 3. Nf3 c5 4.
e3 d5 5. c3 Bd6 6. Bg3 O-O 7.
Nbd2 Qc7 8. dxc5 Qxc5 9. Bd3 Nbd7 10. e4 Bxg3 11. hxg3 h6 12. O-O dxe4 13. Nxe4 Nxe4 14. Bxe4 Nf6 15. Qe2 Bd7 16. Rfd1 Bb5 17. Bd3 Ba4 18. Bc2 Bxc2 19. Qxc2 Rac8 20. Qe2 Rfd8 21. Rxd8+ Rxd8 22. Rd1 Rxd1+ 23. Qxd1 Ne4 24. Qd4 Qxd4 25. Nxd4 Nd6 26. g4 Kf8 27. f3 Ke7 28. Kf2 e5 29. Nf5+ Nxf5 30. gxf5 Kf6 31. g4 h5 32. gxh5 Kxf5 33. Ke3 Kg5 34. Ke4 f6 35. c4 Kxh5 36. c5 Kg6 37. b4 Kf7 38. Kd5 Ke7 39. b5 Kd7 40. a4 Kc7 41. Ke6 a6 42. Kd5 axb5 43. axb5 Kd7 44.
b6 g6 45. c6+ bxc6+ 46. Kc5 g5 47. b7 Kc7 48. b8=Q+ Kxb8 49. Kxc6 e4 50. fxe4 g4 0-1

[Event "*** Titled Tuesday Blitz"]
[Site "Chess.com"]
[Date "2018.08.07"]
[Round "6"]
[White "rikyshi"]
[Black "FearlessKing64"]
[Result "1-0"]
[WhiteElo "2200"]
[BlackElo "2226"]
[TimeControl "180+2"]
[EndTime "14:17:06 PDT"]
[Termination "rikyshi won by resignation"]

1. d4 Nf6 2. c4 g6 3. Nc3 d5 4. Nf3 Bg7 5. Qa4+ Qd7 6. Qxd7+ Nbxd7 7. cxd5 Nb6 8. e4 O-O 9. Be2 Bg4 10. Bf4 Rac8 11.
O-O Nh5 12. Be3 f5 13. e5 f4 14. Bd2 h6 15. Rac1 a6 16. Bd3 Bxf3 17. gxf3 Kh7 18. Kh1 Bh8 19. Rg1 Rg8 20. Rg4 Rg7 21. Rh4 Kg8 22.
Rg1 Kf7 23. Bxf4 Nxf4 24. Rxf4+ Kg8 25. Rxg6 Rxg6 26. Bxg6 Bg7 27. Bf7+ Kh7 28. Be6 Rd8 29. b3 c6 30. dxc6 bxc6 31. Bc4 c5 32. dxc5 Nxc4 33. Rxc4 Bxe5 34. Ne4 a5 35. a3 Rd3 36. b4 axb4 37.
axb4 Rxf3 38. c6 Rh3 39. Ng3 h5 40. Kg2 Rh4 41. Rxh4 1-0

[Event "*** Titled Tuesday Blitz"]
[Site "Chess.com"]
[Date "2018.08.07"]
[Round "6"]
[White "Angry_Twin"]
[Black "David_Klein"]
[Result "1-0"]
[WhiteElo "2634"]
[BlackElo "2515"]
[TimeControl "180+2"]
[EndTime "14:17:08 PDT"]
[Termination "Angry_Twin won by checkmate"]

1. e4 g6 2. d4 Bg7 3. c4 c6 4. Nc3 Nf6 5. Nf3 O-O 6. Bd3 d6 7. O-O Bg4 8. h3 Bxf3 9. Qxf3 Nfd7 10. Be3 c5 11. d5 Ne5 12. Qe2 Nxd3 13. Qxd3 Nd7 14.
f4 a6 15. a4 Rb8 16. Ra3 Qa5 17. Bd2 Qc7 18. Kh1 b6 19. Rb1 Rfe8 20. Ne2 b5 21. axb5 axb5 22. cxb5 c4 23. Qc2 Rxb5 24. Bc3 Nf6 25. Nd4 Rb7 26. Nc6 e6 27. Bxf6 Bxf6 28. Qxc4 exd5 29. Qxd5 Bxb2 30. Ra2 Bg7 31. Rxb7 Qxb7 32.
Ra7 Qb1+ 33. Kh2 Rf8 34. Rxf7 Rxf7 35. Nd8 Bh6 36. Qxf7+ Kh8 37. Qf6+ Kg8 38. Qe6+ Kg7 39. Qf7+ Kh8 40. Ne6 Qxe4 41. Qe8+ Bf8 42. Qxf8# 1-0

[Event "*** Titled Tuesday Blitz"]
[Site "Chess.com"]
[Date "2018.08.07"]
[Round "6"]
[White "josiwales"]
[Black "Korchmar_Vasiliy"]
[Result "0-1"]
[WhiteElo "2519"]
[BlackElo "2621"]
[TimeControl "180+2"]
[EndTime "14:17:09 PDT"]
[Termination "Korchmar_Vasiliy won by resignation"]

1. e4 c5 2. Nc3 d6 3. Nge2 Nc6 4.
g3 g6 5. Bg2 Bg7 6. d3 e5 7.
Be3 h5 8. Qd2 h4 9. h3 hxg3 10.
fxg3 Nge7 11. g4 Be6 12. Nd5 Qd7 13. c3 O-O-O 14. b4 f5 15. b5 Na5 16. b6 a6 17. Nc7 fxg4 18. c4 Nac6 19. h4 Nd4 20. Nc3 Bf6 21. O-O-O Rxh4 22. Bg5 Rxh1 23. Rxh1 Bxg5 24.
Qxg5 Bf7 25. Rh7 Nec6 26. N3d5 Nb4 27. Ne7+ Kb8 28. Nxg6 Rg8 29. Nxe5 Qa4 30. Nd7+ Kc8 31. Qd2 Nxa2+ 0-1

[Event "*** Titled Tuesday Blitz"]
[Site "Chess.com"]
[Date "2018.08.07"]
[Round "6"]
[White "dretch"]
[Black "Alexander_Moskalenko"]
[Result "0-1"]
[WhiteElo "2750"]
[BlackElo "2831"]
[TimeControl "180+2"]
[EndTime "14:17:10 PDT"]
[Termination "Alexander_Moskalenko won on time"]

1. d4 d5 2. c4 e6 3. Nc3 Nf6 4. cxd5 exd5 5. Bg5 c6 6. e3 Be7 7. Bd3 Nbd7 8. Qc2 Nh5 9. Bxe7 Qxe7 10. O-O-O Nb6 11.
Kb1 Be6 12. Rc1 O-O-O 13. Nf3 Kb8 14. Na4 Nxa4 15. Qxa4 Nf6 16. Rc3 Bc8 17. Ra3 a6 18.
Ne5 Ng4 19. Qxa6 Nxe5 20. Qa7+ Kc7 21. dxe5 Qxe5 22. Rc1 Kd7 23. e4 dxe4 24. Re1 Rhe8 25. Rxe4 Qh5 26. Be2 Qg6 27. Rd3+ Kc7 28. Qa5+ b6 29.
Rxe8 Rxd3 0-1

[Event "*** Titled Tuesday Blitz"]
[Site "Chess.com"]
[Date "2018.08.07"]
[Round "6"]
[White "JSMastropiero"]
[Black "Carolina-moon"]
[Result "1-0"]
[WhiteElo "2327"]
[BlackElo "2144"]
[TimeControl "180+2"]
[EndTime "14:17:10 PDT"]
[Termination "JSMastropiero won on time"]

1. d4 f5 2. Nc3 d5 3. Bf4 c6 4. e3 Nf6 5. Nf3 e6 6. a3 Bd6 7. Bd3 O-O 8. Ne2 Ne4 9. c4 Qe7 10. c5 Bc7 11. b4 a5 12. Rb1 axb4 13. axb4 Ra3 14. Rb3 Rxb3 15. Qxb3 g5 16. Bxc7 Qxc7 17. Ne5 Nd7 18. Nxd7 Bxd7 19. Bxe4 fxe4 20. O-O Be8 21. Nc3 Bg6 22. b5 e5 23. b6 Qf7 24. dxe5 Qe6 25. Ne2 Qxe5 26. Nd4 Ra8 27. Qc3 Ra2 28.
Ra1 Rxa1+ 29. Qxa1 Qe7 30. Qa3 h5 31. Nxc6 bxc6 32.
Qa8+ Kg7 33. Qa7 1-0

[Event "*** Titled Tuesday Blitz"]
[Site "Chess.com"]
[Date "2018.08.07"]
[Round "6"]
[White "MarshKnight"]
[Black "tteshan"]
[Result "0-1"]
[WhiteElo "2091"]
[BlackElo "2044"]
[TimeControl "180+2"]
[EndTime "14:17:13 PDT"]
[Termination "tteshan won by resignation"]

1. e4 c5 2. Nf3 Nc6 3. d4 cxd4 4. Nxd4 g6 5. Nc3 Bg7 6. Be3 Nf6 7. Bc4 O-O 8. Bb3 d6 9. f3 Bd7 10. Qd2 Rc8 11.
O-O-O Ne5 12. Kb1 Nc4 13. Bxc4 Rxc4 14. g4 Qa5 15. Nb3 Qc7 16. e5 Ne8 17. f4 Bxg4 18.
Rdf1 dxe5 19. h3 Bf5 20. Nd5 Qd7 21. fxe5 Bxe5 22. Nc5 Qb5 23. Nxe7+ Kh8 24. b3 Bxc2+ 25. Qxc2 Rxc2 26. Kxc2 Qe2+ 27. Bd2 Bd6 28. Nd7 Bxe7 29. Nxf8 Bxf8 30. Re1 Qb5 31. Re3 Qc6+ 32. Bc3+ Bg7 33. Rhe1 Nd6 34. Kb2 Bxc3+ 35. Rxc3 Qg2+ 36. Kb1 Ne4 37. Rc2 Qxh3 38. Rec1 Qd3 39. Kb2 Kg7 40. a4 h5 41. Rf1 Qd4+ 42. Ka2 Nc3+ 43. Ka3 Qd6+ 44.
Kb2 Nd1+ 45. Ka2 Ne3 0-1